 Dungeon Crawl Stone Soup version 0.28.0-45-g0d030f2227 (webtiles) character file.

Game seed: 1572454072191505948

154 Kziril the Skirmisher (level 5, -16/34 HPs)
             Began as a Gargoyle Fighter on Apr 19, 2022.
             Demolished by an ogre
             ... wielding a +0 giant club
              (20 damage)
             ... on level 4 of the Dungeon.
             The game lasted 00:06:47 (3705 turns).

Kziril the Skirmisher (Gargoyle Fighter)            Turns: 3705, Time: 00:06:48

Health: -16/34     AC: 10    Str: 19    XL:     5   Next: 36%
Magic:  5/5        EV: 10    Int:  9    God:
Gold:   166        SH:  4    Dex: 11    Spells: 4/4 levels left

rFire   . . .      SeeInvis .   b - +0 mace
rCold   . . .      Faith    .   c - +0 buckler
rNeg    + . .      Spirit   .   l - +1 ring mail {Will+}
rPois   ∞          Reflect  .   (no helmet)
rElec   +          Harm     +   o - scarf {harm}
rCorr   .          Rampage  .   (no gloves)
Will    +....                   (no boots)
Stlth   +.........              (no amulet)
HPRegen 0.11/turn               (no ring)
MPRegen 0.09/turn               (no ring)

@: no status effects
A: sickness immunity, AC +4, negative energy resistance 1, electricity
resistance, torment resistance 1, petrification resistance
a: no special abilities


You were on level 4 of the Dungeon.
You visited 1 branch of the dungeon, and saw 4 of its levels.

You collected 166 gold pieces.

Inventory:

Hand Weapons
 b - a +0 mace (weapon)
Armour
 c - a +0 buckler (worn)
 h - a +0 chain mail
 l - a +1 ring mail of willpower (worn)
 o - a scarf of harm (worn)
Jewellery
 i - an amulet of guardian spirit
Scrolls
 a - a scroll of enchant armour {unknown}
 e - a scroll of teleportation {unknown}
 f - 6 scrolls of identify {unknown}
Potions
 d - a potion of might
 g - 3 potions of curing {unknown}
 j - a potion of degeneration {unknown}
 k - a potion of flight {unknown}
 m - a potion of cancellation {unknown}
 n - a potion of heal wounds {unknown}


   Skills:
 * Level 4.8 Fighting
 + Level 3.0 Maces & Flails
 + Level 4.0 Armour
 + Level 4.1 Shields


You had 4 spell levels left.
You didn't know any spells.
Your spell library was empty.

Dungeon Overview and Level Annotations

Branches:
Dungeon (4/15)
 Temple: D:4-7

Altars:
Ru

Annotations:
D:4 Dowan, Duvessa


Innate Abilities, Weirdness & Mutations

You are immune to sickness and miasma.
Your stone body is resilient. (AC +4)
You are immune to poison.
You resist negative energy. (rN+)
You are resistant to electric shocks. (rElec)
You are resistant to unholy torment.
You are immune to petrification.


Message History

* * * LOW HITPOINT WARNING * * *
You closely miss Duvessa.
Duvessa is heavily wounded.
Duvessa says, "Where magic fails, the sword succeeds!"
Duvessa hits you with a +0 short sword!
* * * LOW HITPOINT WARNING * * *
Dowan gestures at you while chanting. The puff of frost misses you.
Duvessa hits you but does no damage. Dowan casts a spell at you.
The puff of flame hits you but does no damage.
You block Duvessa's attack.
You climb upwards.
There is a stone staircase leading down here.
You start resting.
HP restored.
You see here a +0 ring mail.
There is a stone staircase leading down here.
You climb downwards.
Level annotation: Dowan, Duvessa
There is a stone staircase leading up here.
Found a sacrificial altar of Ru.
There is a sacrificial altar of Ru here.
Found a glowing scarf.
You see here a scarf of harm.
o - a scarf of harm You start putting on your armour.
You continue putting on your scarf of harm. x4
You finish putting on your scarf of harm.
An ogre comes into view. It is wielding a +0 giant club.
Found a dark potion.
You hit the ogre.
The ogre is lightly wounded.
The ogre hits you with a +0 giant club!!
Ouch! That really hurt!
* * * LOW HITPOINT WARNING * * *
You hit the ogre.
The ogre is lightly wounded.
The ogre hits you with a +0 giant club!
Ouch! That really hurt!
You die...

...# ##..# #..#
#..# #..# # #..#
#.
#!#.#####.####
#.....@O......
#.#####.###.####
#...........#
#######.#####
#.# ##.########
##.........##
##...##.##...##
#..#..#.#..#..#


You could see an ogre.

Vanquished Creatures
  A scorpion (D:3)
  An orc wizard (D:3)
  An adder (D:3)
  A worm (D:2)
  A dart slug (D:1)
  7 orcs (D:3)
  2 ball pythons (D:1)
  5 endoplasms
  3 giant cockroaches
  8 goblins
  5 hobgoblins
  3 kobolds
  2 quokkas
  4 bats
  5 rats
49 creatures vanquished.

Notes
Turn   | Place    | Note
-------+----------+-------------------------------------------
     0 | D:1      | Kziril the Gargoyle Fighter began the quest for the Orb.
     0 | D:1      | Reached XP level 1. HP: 14/14 MP: 1/1
   280 | D:1      | Reached XP level 2. HP: 15/19 MP: 2/2
   999 | D:1      | Reached XP level 3. HP: 12/24 MP: 3/3
  1410 | D:2      | Found a faded altar of an unknown god.
  1921 | D:3      | Reached XP level 4. HP: 4/29 MP: 4/4
  2414 | D:4      | Noticed Duvessa
  2414 | D:4      | Noticed Dowan
  3001 | D:4      | Noticed a scorpion
  3027 | D:3      | HP: 1/30 [scorpion (3)]
  3030 | D:3      | Killed a scorpion
  3031 | D:3      | Reached XP level 5. HP: 1/34 MP: 5/5
  3667 | D:4      | Found a sacrificial altar of Ru.
  3702 | D:4      | Noticed an ogre
  3705 | D:4      | Demolished by an ogre

Illustrated notes

Levels and vault maps discovered:
D:1:      dpeg_arrival_another_circle, layout_basic, wad_floor_pattern_2
D:2:      layout_basic, basic_ecumenical_altar
D:3:      layout_basic, hangedman_glass_teeth, minivault_5, item_on_display_b
D:4:      layout_basic, mainiacjoe_overflow_small_starburst,
          minmay_temple_entry_nine_rooms, uniq_duvessa

Skill      XL: |  1  2  3  4 |
---------------+-------------+-----
Fighting       | 4 |  4.8
Maces & Flails | 3 |  3.0
Armour         | 4 |  4.0
Shields        | 4 |  4.1

Action                   |  1- 3 |  4- 6 || total
-------------------------+-------+-------++-------
Melee: Flail             |    61 |       ||    61
       Mace              |    72 |    73 ||   145
  Use: Potion            |       |     1 ||     1
Armor: Scale mail        |    36 |       ||    36
       Chain mail        |    61 |     4 ||    65
       Ring mail         |       |    32 ||    32
Dodge: Dodged            |    54 |    39 ||    93
Block: Buckler           |    22 |    16 ||    38
